 Dungeon Crawl Stone Soup version 0.30-a0-1074-g5db6f66fbb (webtiles) character file.

Game seed: 4896568153543253301

38 Adrian566 the Sneak (level 3, 0/24 HPs)
             Began as an Octopode Brigand on Apr 13, 2023.
             Succumbed to a kobold's poison
             ... on level 3 of the Dungeon.
             The game lasted 00:01:28 (1452 turns).

Adrian566 the Sneak (Octopode Brigand)              Turns: 1452, Time: 00:01:28

Health: 0/24       AC:  1    Str: 10    XL:     3   Next: 43%
Magic:  3/3        EV: 12    Int: 13    God:
Gold:   91         SH:  0    Dex: 15    Spells: 2/2 levels left

rFire   . . .      SeeInvis .    i - +0 short sword
rCold   . . .      Faith    .    (no shield)
rNeg    . . .      Spirit   .    (helmet restricted)
rPois   .          Reflect  .    (no amulet)
rElec   .          Rampage  .    (no ring)
rCorr   .                        (no ring)
Will    .....                    (no ring)
Stlth   ++++                     (no ring)
HPRegen 0.24/turn                (no ring)
MPRegen 0.08/turn                (no ring)
                                 (no ring)
                                 (no ring)

@: lethally poisoned (0 -> -13), flying
A: almost no armour, amphibious, 8 rings, camouflage 1, gelatinous body 1,
(nimble swimmer 1), tentacles
a: no special abilities


You were on level 3 of the Dungeon.
You visited 1 branch of the dungeon, and saw 3 of its levels.

You collected 91 gold pieces.

Inventory:

Hand Weapons
 i - a +0 short sword (weapon)
Missiles
 a - a throwing net
 b - 9 poisoned darts (quivered)
 c - 3 curare-tipped darts
Scrolls
 d - a scroll of fear {unknown}
 e - a scroll of teleportation {unknown}
 g - a scroll of poison {unknown}
 h - a scroll of blinking {unknown}
 k - 2 scrolls of fog {unknown}
 l - a scroll of noise {unknown}
 m - a scroll of identify {unknown}
Potions
 f - 2 potions of flight
 j - 2 potions of curing {unknown}


   Skills:
 + Level 2.0 Fighting
 + Level 2.2 Short Blades
 - Level 2.0 Throwing
 + Level 1.0 Dodging
 * Level 6.9 Stealth


You had 2 spell levels left.
You didn't know any spells.
Your spell library contained the following spells:

 Spells                   Type           Power      Damage    Failure   Level
 Vhi's Electric Charge    Tloc/Air       0%         N/A       67%         3
 Arcjolt                  Conj/Air       0%         1d10      100%        5
 Maxwell's Capacitive Co  Air            0%         ∞         100%        8


Dungeon Overview and Level Annotations

Branches:
Dungeon (3/15)

Altars:

Shops:
D:2 (


Innate Abilities, Weirdness & Mutations

You cannot wear most types of armour.
You are amphibious.
You can wear up to eight rings at the same time.
Your skin changes colour to match your surroundings (Stealth+).
Your rubbery body absorbs attacks. (AC +1, EV +1)
((You are camouflaged when in or above water. (Stealth+)))
You have tentacles for arms and can constrict up to eight enemies at once.


Message History

You see here a rat corpse.
There is a stone staircase leading down here.
Found a stone staircase leading up.
A kobold comes into view. It is wielding a +0 dagger of venom.
The kobold shouts!
The kobold barely misses you.
You hit the kobold. Your grab misses the kobold.
The kobold is moderately wounded.
The kobold hits you with a +0 dagger of venom.
You are poisoned.
You closely miss the kobold. Your grab misses the kobold.
The kobold is moderately wounded.
You feel very sick.
The kobold hits you with a +0 dagger of venom.
You are more poisoned.
You hit the kobold. You grab the kobold.
The kobold is severely wounded.
You constrict the kobold, but do no damage.
You feel sick.
The kobold hits you with a +0 dagger of venom.
You are lethally poisoned!
You are too injured to fight recklessly!
You are too injured to fight recklessly!
You are too injured to fight recklessly!
You are too injured to fight recklessly!
There is a lethal amount of poison in your body!
There is a lethal amount of poison in your body!
Unknown command.
You hit the kobold.
You kill the kobold!
You feel very sick.
Found a pair of boots.
* * * LOW HITPOINT WARNING * * *
You feel very sick.
Things that are here:
a +0 dagger of venom; a kobold corpse It was a potion of flight.
You feel very buoyant.
You fly up into the air.
You die...

#.#
#######>########.##
#.# #.................
##(###.#####.###.##..#
.....#.#####.###.##..#
..........##..<......#
.....#............##.
.....†......####..#
.......##.#.# #..#
.....#.##.#.# #@.#
.....#.## #. #..#
.......< .. #..#
.....#.## ## #..#
.##.##.# #..# .# .#
#..# ## #..# # #[.# ..


There were no monsters in sight!

Vanquished Creatures
  A worm (D:2)
  A dart slug (D:1)
  A bat (D:2)
  4 endoplasms
  2 giant cockroaches (D:1)
  2 goblins (D:1)
  5 hobgoblins
  2 quokkas
  3 ball pythons
  2 frilled lizards (D:1)
  4 kobolds
  4 rats
31 creatures vanquished.

Notes
Turn   | Place    | Note
-------+----------+-------------------------------------------
     0 | D:1      | Adrian566 the Octopode Brigand began the quest for the Orb.
     0 | D:1      | Reached XP level 1. HP: 14/14 MP: 1/1
    87 | D:1      | Reached XP level 2. HP: 19/19 MP: 2/2
    88 | D:1      | Reached skill level 6 in Stealth
   202 | D:1      | Found a faded altar of an unknown god.
   686 | D:2      | Reached XP level 3. HP: 24/24 MP: 3/3
   843 | D:2      | Found Kuffao's Antique Weapon Boutique.
  1452 | D:3      | Succumbed to a kobold's poison

Illustrated notes

Levels and vault maps discovered:
D:1:      evilmike_arrival_home_sweet_home, layout_basic,
          chequers_ecumenical_altar_lobes, minmay_misc_feat_rows,
          minmay_box_of_dots
D:2:      layout_basic, serial_curves, eino_curves_04, eino_curves_03,
          serial_shops, nicolae_diamond_shop, chequers_serial_rivers_room_b
D:3:      layout_loops_ring, mainiacjoe_overflow_paths,
          mainiacjoe_overflow_boulevard, amcnicky_mini_pool_small,
          columned_hall_lemuel

Skill      XL: |  1  2 |
---------------+-------+-----
Stealth        | 6 |  6.9
Fighting       | |  2.0
Short Blades   | |  2.2
Throwing       | |  2.0
Dodging        | |  1.0

Action                     || total
---------------------------++-------
  Melee: Dagger            ||    26
         Constrict         ||     3
         Tentacles         ||     2
         Short sword       ||    12
    Use: Potion            ||     1
   Stab: Sleeping          ||    19
         Distracted        ||     1
  Dodge: Dodged            ||     6

Table legend: (Time is in decaauts)
 A = Elapsed time spent in this place.
 B = Non-inter-level travel time spent in this place.
 C = Inter-level travel time spent in this place.
 D = Time resting spent in this place.
 E = Time spent auto-exploring this place.
 F = Levels seen in this place.
 G = Mean time per level.
                   A        B        C        D        E       F      G
               +--------+--------+--------+--------+--------+-----+--------+
         Total |   1446 |   1419 |     27 |      0 |   1213 |   3 |  482.0 |
       Dungeon |   1446 |   1419 |     27 |      0 |   1213 |   3 |  482.0 |
               +--------+--------+--------+--------+--------+-----+--------+

Top non-repeatable levels by time:
     D:2: 742 daAuts
     D:1: 635 daAuts
     D:3: 68 daAuts
